 Dungeon Crawl Stone Soup version 0.25.1-2-g60ff931df9 (webtiles) character file.

Game seed: 16111596867090481624

186 GeoCrane the Cudgeler (level 5, 0/45 HPs)
             Began as a Minotaur Fighter on Aug 17, 2020.
             Was an Initiate of Trog.
             Slain by Ijyb
             ... wielding a +0 club
              (3 damage)
             ... on level 4 of the Dungeon.
             The game lasted 00:16:54 (2886 turns).

GeoCrane the Cudgeler (Minotaur Fighter)            Turns: 2886, Time: 00:16:55

Health: 0/45       AC:  5    Str: 21    XL:     5   Next: 38%
Magic:  4/4        EV:  7    Int:  5    God:    Trog [......]
Gold:   223        SH:  9    Dex: 10    Spells: 4/4 levels left

rFire    . . .     SeeInvis .   a - +0 flail
rCold    . . .     Gourm    .   c - +0 kite shield
rNeg     . . .     Faith    .   b - +0 scale mail
rPois    .         Spirit   .   (helmet restricted)
rElec    .         Reflect  .   m - +1 cloak
rCorr    .         Harm     .   (no gloves)
MR       .....                  (no boots)
Stlth    ..........             i - amulet of regeneration
HPRegen  0.55/turn              (no ring)
MPRegen  0.09/turn              (no ring)

@: corroded
A: retaliatory headbutt, horns 2
a: Renounce Religion


You were on level 4 of the Dungeon.
You worshipped Trog.
Trog was noncommittal.
You were not hungry.

You visited 1 branch of the dungeon, and saw 4 of its levels.

You collected 223 gold pieces.

Inventory:

Hand Weapons
 a - a +0 flail (weapon)
 s - a cursed +0 spear
Missiles
 q - 35 poisoned darts (quivered)
Armour
 b - a +0 scale mail (worn)
 c - a +0 kite shield (worn)
 m - a +1 cloak (worn)
Jewellery
 i - an amulet of regeneration (around neck)
 r - a cursed -4 ring of protection {unknown}
Scrolls
 g - a scroll of teleportation
 h - a scroll of blinking {unknown}
 l - a scroll of noise {unknown}
 n - 3 scrolls of remove curse {unknown}
 p - a scroll of identify
Potions
 d - 3 potions of might
 e - 3 potions of stabbing {unknown}
 j - 3 potions of curing {unknown}
 k - a potion of heal wounds {unknown}
Comestibles
 f - 10 rations


   Skills:
 - Level 3.6 Fighting
 + Level 6.9 Maces & Flails
 - Level 3.6 Armour
 - Level 3.6 Shields


You had 4 spell levels left.
You didn't know any spells.
Your spell library was empty.

Dungeon Overview and Level Annotations

Branches:
Dungeon (4/15)
 Temple: D:4-7

Altars:
Okawaru
Trog
Xom

Annotations:
D:4 Ijyb


Innate Abilities, Weirdness & Mutations

You reflexively headbutt those who attack you in melee.
You have a pair of horns on your head.


Message History

You throw a poisoned dart. The poisoned dart closely misses Ijyb.
You hit Ijyb.
Ijyb is moderately wounded.
Ijyb screams, "It's all mine!"
Ijyb barely misses you.
You miss Ijyb.
Ijyb is heavily wounded.
Ijyb zaps a wand.
The bolt of acid hits you but does no damage.
The acid corrodes you!
You are splashed with acid!
You barely miss Ijyb.
Ijyb is heavily wounded.
Ijyb zaps a wand.
The bolt of acid hits you!
* * * LOW HITPOINT WARNING * * *
You are splashed with acid!
* * * LOW HITPOINT WARNING * * *
All of the chunks of flesh in your inventory have rotted away.
Ijyb screams, "I dance on your bones!" Ijyb hits you with a +0 club.
You die...

#....# ....## ....
#.(...#.....#> #.....
#..(................#
#...........# .....###
#(.(........###......##
#............##.......#
..#...........##.......##
...............<........##
####...g@.#..............
......##..................
.....##....#..............
#.####...#####............
# ##.##....###.........#.#
............##.......###
......................##
..###.................###
. ##........#......##.#


You could see Ijyb (poisoned).

Vanquished Creatures
  A crimson imp (D:2)
  A worker ant (D:4)
  3 gnolls (D:2)
  4 adders
  2 oozes (D:1)
  An adder skeleton (D:2)
  A leopard gecko (D:1)
  7 orcs
  2 giant cockroaches
  5 goblins
  4 hobgoblins
  3 jackals (D:1)
  3 kobolds (D:1)
  4 bats
  4 frilled lizards
  6 rats
51 creatures vanquished.

Notes
Turn   | Place    | Note
-------+----------+-------------------------------------------
     0 | D:1      | GeoCrane the Minotaur Fighter began the quest for the Orb.
     0 | D:1      | Reached XP level 1. HP: 19/19 MP: 0/0
    26 | D:1      | Reached skill level 3 in Maces & Flails
    26 | D:1      | Reached XP level 2. HP: 24/26 MP: 1/1
   550 | D:1      | You fall into a shaft and drop 1 floor!
   579 | D:2      | Reached skill level 4 in Maces & Flails
   595 | D:2      | Reached XP level 3. HP: 31/31 MP: 2/2
   602 | D:2      | Found a bloodstained altar of Trog.
   612 | D:2      | Became a worshipper of Trog the Wrathful
   641 | D:2      | Reached skill level 5 in Maces & Flails
   641 | D:2      | Reached XP level 4. HP: 29/39 MP: 3/3
   855 | D:2      | Found a shimmering altar of Xom.
   899 | D:2      | Found an iron altar of Okawaru.
  1140 | D:2      | Found a shimmering altar of Xom.
  1141 | D:2      | Found a shimmering altar of Xom.
  1379 | D:1      | Reached skill level 6 in Maces & Flails
  2592 | D:3      | Reached XP level 5. HP: 45/45 MP: 4/4
  2877 | D:4      | Noticed Ijyb
  2886 | D:4      | Slain by Ijyb

Illustrated notes

Levels and vault maps discovered:
D:1:      eino_arrival_druids_welcome, layout_basic, feat_on_display
D:2:      layout_rooms, nicolae_overflow_crystal_walls, xom_redecorated,
          bloody_trog, minivault_19
D:3:      layout_loops_ring
D:4:      layout_cave_pools, chequers_temple_overflow_minitemple, first_ration,
          minmay_box_of_dots, uniq_ijyb

Skill      XL: |  1  2  3  4 |
---------------+-------------+-----
Maces & Flails | 3 4 5 6 |  6.9
Fighting       | |  3.6
Armour         | |  3.6
Shields        | |  3.6

Action                   |  1- 3 |  4- 6 || total
-------------------------+-------+-------++-------
Melee: Flail             |    49 |    78 ||   127
       Headbutt          |     8 |    13 ||    21
Throw: Dart              |       |    17 ||    17
  Use: Scroll            |       |     3 ||     3
  Eat: Chunk             |       |     6 ||     6
Armor: Scale mail        |    26 |    23 ||    49
Dodge: Dodged            |    13 |    20 ||    33
Block: Kite shield       |    15 |    30 ||    45
